Map: Ruins of Seras

Players

BamBam

  • Race: Zerg Zerg
  • League: Master

Chris (MCanning) - Winner!

  • Race: Protoss Protoss
  • League: Master

VOD

Have the link to the VOD?

Description

Time

  • Played on: Nov. 13, 2015, 1:06 a.m.
  • Length: 10:01
Show
View Real Time Build Order
Export as new Build Order

BamBam Zerg 

Build Orders: 3 Hatch before Pool 

Get SALT Encoding   

  12  0:02  Drone  
  13  0:12  Drone  
  14  0:21  Extractor  
  14  0:23  Drone x2, Extractor  
  14  0:28  Overlord  
  16  0:51  Hatchery  
  16  0:55  Drone  
  16  1:02  Drone  
  16  1:03  Drone  
  18  1:23  Hatchery  
  17  1:27  Drone  
  17  1:29  Drone  
  19  1:45  Spawning Pool  
  19  1:46  Drone  
  19  1:48  Drone  
  19  1:52  Drone  
  21  2:03  Drone  
  21  2:05  Drone  
  23  2:20  Drone  
  23  2:21  Drone  
  25  2:32  Queen  
  25  2:34  Queen  
  29  2:38  Queen  
  29  2:40  Zergling x4  
  29  2:42  Overlord  
  33  2:51  Extractor  
  32  2:53  Drone x3, Extractor  
  32  2:57  Overlord  
  34  3:07  Drone  
  34  3:08  Drone x5  
  40  3:21  Drone x2  
  40  3:22  Drone  
  43  3:27  Overlord  
  43  3:28  Overlord  
  43  3:35  Drone  
  43  3:39  Pneumatized Carapace  
  44  3:46  Drone x4, Roach Warren  
  47  3:51  Drone x2  
  49  3:56  Metabolic Boost  
  49  3:58  Overlord  
  48  4:03  Drone x3  
  48  4:07  Drone x3  
  54  4:13  Overlord  
  54  4:15  Overlord  
  54  4:26  Lair  
  54  4:32  Roach x3  
  54  4:33  Roach  
  62  4:40  Roach  
  62  4:42  Zergling x14  
  71  4:50  Roach x2  
  75  4:57  Evolution Chamber, Zergling x8  
  75  4:58  Evolution Chamber  
  77  5:02  Spine Crawler  
  77  5:05  Zergling x6  
  79  5:09  Ravager  
  79  5:11  Zergling x4  
  82  5:19  Overlord  
  82  5:23  Overlord, Zerg Melee Weapons Level 1  
  82  5:29  Overseer  
  82  5:33  Overlord  
  82  5:35  Extractor  
  82  5:37  Extractor  
  82  5:41  Zergling x2  
  82  5:42  Zergling x18  
  90  5:55  Overseer  
  90  5:57  Zergling x2  
  90  5:58  Zergling x20  
  101  6:08  Hatchery  
  100  6:12  Ravager  
  100  6:13  Ravager x2  
  103  6:21  Drone  
  103  6:22  Drone  
  103  6:23  Zerg Missile Weapons Level 1  
  103  6:24  Drone  
  106  6:32  Overlord x2  
  106  6:33  Overlord  
  106  6:44  Overlord  
  106  6:47  Extractor x2  
  106  6:50  Drone x2  
  106  6:51  Drone x7  
  113  7:01  Ravager  
  113  7:02  Ravager x2  
  113  7:04  Drone x5  
  113  7:05  Drone x4  
  125  7:14  Drone x5  
  130  7:17  Spire  
  126  7:36  Roach  
  126  7:37  Roach x6  
  140  7:52  Hatchery  
  139  8:05  Zergling x8  
  140  8:06  Zergling x2  
  119  8:17  Overlord  
  117  8:21  Zergling x2  
  117  8:22  Zergling x30  
  133  8:32  Ravager  
  133  8:33  Ravager x6  
  140  8:35  Zergling x8  
  140  8:40  Zergling x10  
  140  8:41  Zergling x4  
  151  8:46  Zergling x2  
  151  8:47  Overlord  
  151  8:48  Overlord x4  
  120  9:05  Roach x5  
  91  9:17  Zergling x2  
  91  9:18  Zergling x20  
  91  9:23  Zergling x6  
  105  9:26  Ravager x2  
  105  9:27  Ravager x3  
  105  9:28  Zergling x2  
  111  9:32  Zergling x6  
  111  9:34  Roach x3  
  111  9:35  Zergling x4  
  111  9:36  Zergling x4  
Show
View Real Time Build Order
Export as new Build Order

Chris Protoss - Winner!

Build Orders: Nexus First 

Get SALT Encoding   

  12  0:01  Probe (Chrono Boost)  
  13  0:12  Probe (Chrono Boost)  
  14  0:19  Pylon  
  14  0:23  Probe (Chrono Boost)  
  15  0:38  Probe (Chrono Boost)  
  16  0:48  Probe (Chrono Boost)  
  17  1:00  Nexus  
  17  1:11  Gateway  
  17  1:15  Probe (Chrono Boost)  
  18  1:24  Assimilator  
  19  1:25  Probe (Chrono Boost)  
  19  1:29  Assimilator  
  19  1:36  Probe (Chrono Boost)  
  20  1:45  Pylon  
  20  1:46  Probe (Chrono Boost)  
  21  1:57  Probe (Chrono Boost)  
  22  2:04  Cybernetics Core  
  22  2:08  Probe (Chrono Boost)  
  23  2:14  Probe (Chrono Boost)  
  24  2:18  Probe (Chrono Boost)  
  25  2:24  Probe (Chrono Boost)  
  25  2:29  Probe (Chrono Boost)  
  27  2:35  Probe (Chrono Boost)  
  28  2:39  Probe (Chrono Boost)  
  28  2:44  Stalker (Chrono Boost)  
  31  2:45  Warp Gate (Chrono Boost)  
  31  2:47  Mothership Core (Chrono Boost)  
  31  2:50  Probe (Chrono Boost)  
  34  2:57  Pylon  
  34  3:00  Probe (Chrono Boost)  
  34  3:04  Probe (Chrono Boost)  
  35  3:12  Probe (Chrono Boost)  
  39  3:13  Sentry  
  39  3:16  Probe (Chrono Boost)  
  40  3:23  Probe (Chrono Boost)  
  40  3:27  Probe (Chrono Boost)  
  42  3:31  Gateway  
  42  3:33  Gateway, Probe (Chrono Boost)  
  43  3:37  Probe (Chrono Boost)  
  43  3:41  Pylon  
  44  3:44  Probe (Chrono Boost)  
  44  3:48  Probe (Chrono Boost), Robotics Facility  
  46  3:54  Probe (Chrono Boost)  
  47  3:56  Assimilator  
  47  3:58  Probe (Chrono Boost)  
  47  4:00  Assimilator  
  48  4:05  Probe (Chrono Boost)  
  48  4:07  Forge  
  48  4:09  Probe (Chrono Boost)  
  50  4:10  Pylon  
  50  4:14  Probe (Chrono Boost)  
  51  4:19  Probe  
  52  4:24  Probe  
  53  4:31  Probe  
  53  4:35  Probe  
  55  4:39  Nexus  
  55  4:40  Protoss Ground Weapons Level 1  
  55  4:41  Pylon  
  55  4:43  Observer (Chrono Boost), Pylon  
  56  4:45  Probe  
  56  4:50  Robotics Bay  
  56  4:52  Stalker x2  
  59  4:54  Sentry  
  63  5:01  Probe  
  63  5:05  Observer (Chrono Boost)  
  65  5:10  Twilight Council, Probe  
  65  5:11  Probe  
  67  5:22  Probe x2  
  67  5:27  Immortal (Chrono Boost)  
  73  5:31  Pylon  
  73  5:32  Probe  
  73  5:34  Probe  
  75  5:36  Photon Cannon  
  75  5:43  Probe  
  75  5:44  Gateway  
  75  5:45  Gateway  
  76  5:53  Blink  
  76  5:57  Dark Shrine  
  76  5:58  Probe  
  76  6:01  Probe  
  76  6:02  Probe, Disruptor (Chrono Boost)  
  82  6:09  Stalker x2  
  86  6:20  Protoss Ground Weapons Level 2  
  86  6:21  Probe  
  87  6:26  Assimilator  
  87  6:28  Assimilator  
  87  6:33  Disruptor (Chrono Boost)  
  87  6:36  Probe  
  87  6:38  Photon Cannon  
  87  6:39  Photon Cannon  
  91  6:44  Gateway  
  91  6:45  Gateway  
  91  6:47  Stalker x3  
  93  6:50  Pylon  
  93  6:52  Adept x2  
  100  7:03  Pylon x2  
  103  7:08  Disruptor (Chrono Boost)  
  103  7:09  Pylon x2  
  103  7:10  Adept x3  
  109  7:24  Stalker x2, Probe  
  109  7:29  Probe  
  115  7:32  Probe  
  115  7:35  Stalker x3  
  122  7:41  Disruptor (Chrono Boost)  
  125  7:45  Stalker x2  
  125  7:47  Probe  
  125  7:50  Stalker x2  
  134  7:54  Pylon  
  134  7:55  Probe  
  135  7:59  Stalker x2  
  139  8:08  Probe  
  139  8:11  Probe  
  139  8:18  Stalker x2  
  140  8:21  Stalker x3  
  149  8:27  Disruptor (Chrono Boost)  
  149  8:34  Stalker x2  
  149  8:40  Probe  
  149  8:41  Pylon  
  154  8:43  Pylon  
  154  8:44  Pylon  
  154  8:46  Stalker  
  156  9:01  Probe  
  151  9:07  Probe  
  151  9:09  Adept x2  
  136  9:10  Adept x5  
  135  9:17  Probe  
  135  9:18  Probe, Disruptor (Chrono Boost)  
  140  9:30  Adept x5  
  140  9:31  Adept  
  152  9:35  Probe  
  152  9:38  Nexus  
  153  9:42  Probe, Pylon  
  146  9:54  Zealot x2  
  146  9:55  Zealot x5  
Tags
 
Add a new tag
Caveats
  • Supply blocks, unpowered buildings, or Contaminate may cause inaccurate times.
  • Supply counts are checked every 10 seconds.